AoeStats
← waLLefps.

Nomad

508732012Analyzed
4v4 RM · 7d ago on Sep 23, 2026· 38m 41s· 8 players
Game mode
Random Map
Map size
231×231
Population
200
Speed
Normal
Resources
Standard
Victory
Conquest
Starting age
Dark Age
Ending age
Imperial Age
RankedLock teamsTeams togetherTeam positionsShared explorationLock speedFull tech treeHidden civsTurbo modeCheats
Victory
Defeat
🇦🇷 Vikings · Argentina
1425
+13
🇹🇷 Spanish · Türkiye
1411
+13
🇹🇷 Varangians · Türkiye
1392
+14
🇹🇷 Vietnamese · Türkiye
1289
+19
🇦🇹 Mongols · Austria
1391
-16
🇦🇹 Teutons · Austria
1370
-16
🇬🇷 Italians · Greece
1353
-15
🇪🇸 Burmese · Spain
1296
-12
Mike Hawks Veiny
4:39 Loom
14:12 Feudal Age
18:04 Castle Age
18:43 Fletching
19:13 Double-Bit Axe
21:15 Bodkin Arrow
27:58 Horse Collar
31:40 Bloodlines
36:23 Padded Archer Armor
36:47 Ballistics
36:44 Thumb Ring
36:41 Husbandry
36:56 Nomads
40:59 Imperial Age
Alejandro_Cao
4:15 Loom
15:34 Feudal Age
21:06 Castle Age
19:18 Stone Mining
20:10 Horse Collar
20:26 Gold Mining
21:57 Medium Warships
21:31 Fishing Lines
24:31 Heavy Plow
26:56 Fletching
27:34 Bodkin Arrow
29:20 Wheelbarrow
30:14 Ballistics
34:38 Imperial Age
32:38 Bloodlines
32:29 Husbandry
34:00 Padded Archer Armor
36:29 Conscription
36:20 Town Watch
36:50 Hand Cart
38:12 Manipur Cavalry
Zzulu
5:05 Loom
13:21 Feudal Age
18:18 Castle Age
16:17 Fletching
16:46 Double-Bit Axe
16:49 Fishing Lines
19:52 Bow Saw
28:43 Stone Mining
30:27 Padded Archer Armor
33:14 Wheelbarrow
38:15 Imperial Age
36:02 Hand Cart
35:33 Town Watch
37:44 Leather Archer Armor
37:24 Bodkin Arrow
37:33 Gold Mining
Mike Hawks Krusty
5:03 Loom
13:06 Feudal Age
17:41 Castle Age
16:25 Double-Bit Axe
16:45 Fletching
18:11 Gold Mining
18:18 Crossbowman
20:10 Horse Collar
23:33 Elite Skirmisher
24:53 Bodkin Arrow
27:20 Town Watch
28:30 Ballistics
30:58 Scale Barding Armor
36:35 Imperial Age
34:33 Forging
35:37 Chain Barding Armor
35:53 Iron Casting
36:42 Cavalier
37:33 Bloodlines
37:46 Conscription
waLLefps.
5:38 Loom
14:02 Feudal Age
15:14 Fishing Lines
17:56 Castle Age
16:14 Double-Bit Axe
17:08 Stone Mining
17:36 Padded Archer Armor
18:52 Bow Saw
19:25 Leather Archer Armor
19:24 Bloodlines
19:14 Husbandry
23:16 Horse Collar
23:28 Gold Mining
26:43 Wheelbarrow
27:16 Heavy Plow
31:48 Fletching
32:50 Bodkin Arrow
33:42 Hand Cart
34:24 Gillnets
35:45 Stone Shaft Mining
39:23 Imperial Age
38:02 Ballistics
37:31 Town Watch
39:06 Coinage
39:02 Masonry
38:49 Murder Holes
Tameryig1t
14:30 Feudal Age
15:09 Loom
16:07 Double-Bit Axe
17:34 Gold Mining
19:58 Forging
23:11 Castle Age
22:00 Stone Mining
24:19 Wheelbarrow
24:32 Bow Saw
24:42 Medium Warships
25:18 Iron Casting
24:39 Horse Collar
27:16 Heavy Plow
28:59 Hand Cart
30:12 Vendel Legacy
31:31 Stone Shaft Mining
35:12 Imperial Age
33:22 Fletching
33:32 Padded Archer Armor
33:39 Scale Barding Armor
35:15 Bodkin Arrow
35:42 Capped Ram
35:56 Onager
37:03 Conscription
37:31 Bracer
37:59 Ballistics
38:40 Chemistry
38:39 Arson
38:54 Squires
38:39 Gambesons
Juanki
4:57 Loom
13:23 Feudal Age
16:32 Double-Bit Axe
19:18 Castle Age
17:05 Fishing Lines
17:57 Gold Mining
18:37 Fletching
20:09 Bodkin Arrow
20:29 Bow Saw
22:06 Town Watch
23:08 Gillnets
24:41 Ballistics
25:35 Horse Collar
28:13 Heavy Plow
29:09 Stone Mining
29:39 Fervor
34:36 Imperial Age
32:40 Squires
32:25 Arson
32:18 Crossbowman
33:35 Scale Mail Armor
33:39 Padded Archer Armor
34:19 Masonry
33:49 Treadmill Crane
34:29 Chieftains
34:54 Scale Mail Armor
34:42 Arbalester
36:06 Conscription
37:06 Capped Ram
38:34 Bracer
38:44 Forging
38:49 Chain Mail Armor
Fırtına
5:52 Loom
12:48 Feudal Age
14:45 Double-Bit Axe
19:55 Castle Age
18:11 Stone Mining
18:40 Fletching
18:43 Gold Mining
18:38 Horse Collar
20:00 Padded Archer Armor
20:02 Crossbowman
22:05 Wheelbarrow
35:20 Ballistics
35:41 Bodkin Arrow
37:56 Fishing Lines
38:59 Leather Archer Armor
Connection lost

Rejoining the realm…

Still unreachable

The connection could not be restored.

Session expired

The server has moved on; the page needs a fresh start.